 Dungeon Crawl Stone Soup version 0.15-a0-1387-gd422dff (webtiles) character file.

44894 Chiseanne the Nimble (level 13, -2/111 HPs)
             Began as a Demigod Monk on June 10, 2014.
             Slain by an orc warrior
             ... wielding a +2,+0 battleaxe of venom
              (22 damage)
             ... on Level 3 of the Orcish Mines.
             The game lasted 01:45:22 (23144 turns).

Chiseanne the Nimble (Demigod Monk)                Turns: 23144, Time: 01:45:22

HP  -2/111       AC 15     Str 22      XL: 13   Next: 60%
MP  25/25        EV 20     Int 18      God:
Gold 2157        SH 15     Dex 19      Spells:  5 memorised,  6 levels left

rFire  + . .     SeeInvis .     s - +2 war axe (chop)
rCold  x . .     Clarity  .     d - +4 ring mail of Restlessness {Str+2 Dam+1 Stlth---}
rNeg   + + .     rCorr    .     N - +0 large shield
rPois  +         rRot     .     O - +2 helmet {Int+3}
rElec  .         Spirit   .     x - +0 cloak
SustAb .         Warding  +     (no gloves)
rMut   .         Stasis   .     (no boots)
Gourm  .                        y - amulet of warding
MR     +....                    l - ring of Fun {Fire +Inv rPois rN+ Acc+4 Dam+4 Stlth++}
                                U - +5 ring of evasion

@: somewhat resistant to hostile enchantments, very unstealthy
A: clumsy 1, deterioration 1
a: Evoke Invisibility


You were on level 3 of the Orcish Mines.
You were hungry.

You visited 3 branches of the dungeon, and saw 21 of its levels.
You visited the Abyss 1 time.
You also visited: Ossuary.

You collected 2317 gold pieces.
You spent 160 gold pieces at shops.

Inventory:

Hand weapons
 a - the +12,+7 mace "Oraigheb" {freeze, +Fly MR++}
   (You bought it in a shop on level 1 of the Orcish Mines)

   It has been specially enchanted to freeze those struck by it, causing extra
   injury to most foes and up to double damage against particularly susceptible
   opponents.
   It can also slow down cold-blooded creatures.
   It affects your resistance to hostile enchantments.
   It lets you fly.
 n - a +3,+3 longbow of flame
 p - a +0,+4 dagger of distortion {Psyche}
 s - a +2,+2 war axe of chopping (weapon)
 w - a cursed -2 blowgun
Missiles
 t - 6 needles of slowing
 L - 12 curare-tipped needles
 P - 18 tomahawks (quivered)
Armour
 d - the +4 ring mail of Restlessness (worn) {Str+2 Dam+1 Stlth---}
   (You found it on level 1 of the Abyss)

   It affects your strength (+2).
   It affects your damage with ranged weapons and melee attacks (+1).
   It makes you much less stealthy.
 x - a +0 cloak (worn)
 A - a +0 troll leather armour
 N - a +0 large shield (worn)
 O - a +2 helmet of intelligence (worn)
Magical devices
 f - a wand of confusion (0)
 J - a wand of digging (2)
Comestibles
 b - 8 bread rations
 g - 17 fruits
 h - 4 chunks of troll flesh
 k - 6 meat rations
 v - 6 rotting chunks of centaur flesh
Scrolls
 j - 5 scrolls of magic mapping
 m - a scroll of teleportation
 u - a scroll of enchant armour
 B - 3 scrolls of recharging
 D - 3 scrolls of remove curse
Jewellery
 i - an uncursed ring of fire
 l - the ring of Fun (right hand) {Fire +Inv rPois rN+ Acc+4 Dam+4 Stlth++}
   (You acquired it in an ossuary)

   [ring of fire]

   It enhances your fire magic, and weakens your ice magic.
   It affects your accuracy with ranged weapons and melee attacks (+4).
   It affects your damage with ranged weapons and melee attacks (+4).
   It protects you from fire.
   It makes you vulnerable to cold.
   It protects you from poison.
   It protects you from negative energy.
   It lets you turn invisible.
   It makes you much more stealthy.
 q - an uncursed ring of regeneration
 y - an amulet of warding (around neck)
 F - an uncursed ring of see invisible
 Q - an uncursed ring of protection from cold
 U - a +5 ring of evasion (left hand)
Potions
 c - a potion of flight
 e - a potion of cure mutation
 r - 3 potions of curing
 z - a potion of restore abilities
 E - 2 potions of resistance
Miscellaneous
 o - a fan of gales (inert)
 H - a stone of tremors (inert)


   Skills:
 - Level 9.4 Fighting
 - Level 2.4 Short Blades
 - Level 11.1 Axes
 + Level 8.5 Maces & Flails
 - Level 9.2 Armour
 - Level 11.5 Dodging
 - Level 1.7 Stealth
 - Level 4.6 Shields
 - Level 4.2 Unarmed Combat
 - Level 3.1 Spellcasting
 - Level 3.5 Summonings


You had 6 spell levels left.
You knew the following spells:

 Your Spells              Type           Power        Failure   Level  Hunger
a - Call Canine Familiar  Summ           ###.....     100%        3    ###....
b - Summon Guardian Gole  Hex/Summ       #.......     100%        4    ####...
c - Blink                 Tloc           N/A          100%        2    ##.....
d - Swiftness             Chrm/Air       #.......     100%        2    ##.....
f - Apportation           Tloc           #.........   100%        1    None


Dungeon Overview and Level Annotations

Branches:
Dungeon (11/15)            Temple (0/1) D:4             Orc (3/4) D:10
    Elf (0/3) Orc:3          Lair (7/8) D:10         Shoals (0/5) Lair:4
 Spider (0/5) Lair:4
  Slime: Lair:6-8

Shops:
Orc:1 (   Orc:2 (

Annotations:
Lair:4 Chiseanne's ghost, powerful VSMo


Innate Abilities, Weirdness & Mutations

You are clumsy. (Dex -2)
Your body is slowly deteriorating.


Message History

You hit the neqoxec.
The neqoxec is almost dead.
You hit the smoke demon.
The smoke demon is moderately wounded.
You closely miss the orc sorcerer.
The orc sorcerer is severely wounded.
You slash the ufetubus!
You kill the ufetubus!
You slash the orc warrior!
The orc warrior is heavily wounded.
You slash the ufetubus!
You kill the ufetubus!
You block the ufetubus' attack. x2
The ufetubus completely misses you. You block the ufetubus' attack.
The orc sorcerer hits you but does no damage.
The ufetubus closely misses you. x2
The ufetubus misses you. x2
The neqoxec gestures.
The orc warrior hits you with a runed battleaxe!!
You die...

############ ## #.
##.#.##...#.##.##
...##.5.............##.
.....#55.5.............
.....o3335<...........#..
.....5go@5...............
....#.#)o)..........#.#.
.......>......##...#
.................# .##
.................##
.......#......%##
...........<.##
...........##
........#.##


You could see a smoke demon, a neqoxec, a ynoxinul, an orc sorcerer, an orc
warrior, a quasit, an orc, 6 ufetubi and a goblin.

Vanquished Creatures
  A tentacled starspawn (Abyss:1)
  Josephine (D:10)
  A naga warrior (Abyss:1)
  Nessos (Orc:3)
  A death yak (Lair:5)
  A vampire mage (Abyss:1)
  A hill giant (D:10)
  3 wolf spiders (Lair:1)
  2 orc knights (Orc:1)
  2 elephants (Lair:5)
  4 black mambas
  A mermaid (Lair:4)
  A smoke demon (Abyss:1)
  Psyche (Orc:1)
  10 spiny frogs
  A naga mage (Lair:3)
  A gargoyle (D:10)
  3 ancient zymes (Abyss:1)
  A feature mimic (Lair:3)
  A merfolk (Lair:4)
  2 trolls
  Sonja (D:10)
  A raiju (Abyss:1)
  6 blink frogs
  7 basilisks
  A wraith (Abyss:1)
  A hog (shapeshifter) (Abyss:1)
  7 hippogriffs
  Eustachio (D:5)
  A ynoxinul (Abyss:1)
  2 sharks (Lair:5)
  A steam dragon (Lair:3)
  28 yaks
  2 chaos spawn (Abyss:1)
  15 wolves
  3 neqoxecs (Abyss:1)
  7 swamp worms (Lair:1)
  13 water moccasins
  A soldier ant (D:10)
  9 porcupines
  A tengu skeleton (D:10)
  4 ice beasts
  7 orc warriors
  A black bear (D:4)
  2 yellow wasps (Lair:1)
  3 sky beasts
  6 spiders (Lair:4)
  7 small abominations (Abyss:1)
  5 ogres
  A necrophage (D:7)
  3 centaurs
  Duvessa (Abyss:1)
  8 crocodiles
  3 big kobolds
  8 giant frogs
  A cyclops zombie (D:9)
  2 jellies
  2 electric eels (Lair:5)
  15 killer bees
  A wight (D:6)
  Dowan (D:7)
  7 crimson imps
  2 centaur zombies (D:5)
  7 hounds
  A big fish (Lair:5)
  16 orc priests
  A yellow wasp zombie (D:7)
  2 goliath beetles (D:6)
  2 gnoll shamans
  12 iguanas
  3 iron imps (Abyss:1)
  17 orc wizards
  A black bear skeleton (D:7)
  A giant frog skeleton (D:5)
  11 worker ants
  11 sheep
  3 killer bee zombies (D:10)
  A naga zombie (Abyss:1)
  The ghost of WhatIsLove the Skirmisher, a weakling HOFi (D:3)
  Ijyb (D:3)
  Jessica (D:3)
  A black bear simulacrum (D:10)
  A hound zombie (D:5)
  Terence (D:2)
  12 mummies (Ossuary)
  A worker ant zombie (D:10)
  27 gnolls
  19 adders
  2 gnoll zombies (D:5)
  27 green rats
  2 shadow imps
  A big kobold simulacrum (D:10)
  3 giant mites (Lair:1)
  3 white imps
  14 worms
  10 ufetubi
  An adder zombie (D:5)
  An iguana zombie (D:10)
  A chimera (Lair:5)
  4 giant geckos
  3 oozes
  124 orcs
  3 ball pythons
  8 giant cockroaches
  16 hobgoblins
  18 jackals
  17 quokkas
  25 bats
  A giant gecko skeleton (D:6)
  7 giant newts
  A giant spore (D:7)
  2 gnoll skeletons (Ossuary)
  13 goblins
  2 goblin skeletons (Ossuary)
  A goblin zombie (D:5)
  A hobgoblin zombie (D:5)
  2 jackal skeletons
  45 kobolds
  4 kobold skeletons (Ossuary)
  An orc zombie (Orc:3)
  8 rats
  12 rat skeletons
  8 bushes
  68 fungi
  56 plants
907 creatures vanquished.

Vanquished Creatures (others)
  A hydra (Lair:5)
  2 death yaks (Lair:5)
  A hill giant (D:10)
  A wolf spider (Lair:1)
  4 elephants (Lair:5)
  A black mamba (Lair:6)
  2 basilisks
  2 sharks
  An air elemental (Abyss:1)
  4 yaks
  A hippogriff (Lair:4)
  2 wolves (Lair:5)
  A spider (Lair:4)
  An orc warrior (Orc:1)
  A giant frog (D:7)
  2 earth elementals
  A crimson imp (D:8)
  A hound (Lair:6)
  A big fish (Lair:4)
  2 worker ants
  2 sheep
  A mummy (Ossuary)
  A gnoll (D:6)
  2 green rats
  An ufetubus (Abyss:1)
  A worm (Lair:1)
  A gnoll zombie (D:6)
  7 chimeras
  An orc (Orc:1)
  An orc zombie (D:10)
  A rat skeleton (Ossuary)
  A ballistomycete (D:7)
  8 bushes
  11 fungi
  27 plants
  11 starspawn tentacles (Abyss:1)
  191 starspawn tentacle segments (Abyss:1)
300 creatures vanquished.

Grand Total: 1207 creatures vanquished

Notes
Turn   | Place    | Note
--------------------------------------------------------------
     0 | D:1      | Chiseanne, the Demigod Monk, began the quest for the Orb.
     0 | D:1      | Reached XP level 1. HP: 18/18 MP: 2/2
   279 | D:1      | Reached XP level 2. HP: 19/25 MP: 3/3
   993 | D:2      | Reached XP level 3. HP: 9/31 MP: 5/5
  1314 | D:2      | Reached skill level 4 in Unarmed Combat
  1455 | D:2      | Reached skill level 1 in Armour
  1531 | D:2      | Noticed Terence
  1563 | D:2      | Killed Terence
  1660 | D:2      | Reached XP level 4. HP: 36/38 MP: 7/7
  2629 | D:3      | Noticed WhatIsLove's ghost (weakling HOFi)
  2644 | D:3      | Killed WhatIsLove's ghost
  3034 | D:3      | Noticed Jessica
  3055 | D:3      | Killed Jessica
  3437 | D:3      | Reached XP level 5. HP: 41/45 MP: 8/8
  3556 | D:3      | Noticed Ijyb
  3577 | D:3      | Killed Ijyb
  3783 | D:3      | Reached skill level 1 in Short Blades
  3886 | D:3      | Gained mutation: You have large cloven feet. [potion of beneficial mutation]
  3975 | D:3      | Reached XP level 6. HP: 20/52 MP: 10/10
  4793 | D:4      | Found a staircase to the Ecumenical Temple.
  5361 | D:5      | Entered Level 5 of the Dungeon
  5398 | D:5      | Noticed Eustachio
  5595 | D:5      | Reached XP level 7. HP: 59/59 MP: 12/12
  5606 | D:5      | Found a sand-covered staircase.
  5613 | Ossuary  | Entered an ossuary
  5820 | Ossuary  | Reached skill level 5 in Dodging
  5883 | Ossuary  | Identified a scroll of acquirement
  5884 | Ossuary  | Got a smoking bronze ring
  5887 | Ossuary  | Identified the ring of Fun {Fire +Inv rPois rN+ Acc+4 Dam+4 Stlth++} (You acquired it in an ossuary)
  5971 | D:5      | Reached skill level 1 in Axes
  6067 | D:5      | Found a shadowy altar of Dithmenos.
  6243 | D:5      | Killed Eustachio
  6243 | D:5      | Reached skill level 5 in Fighting
  6243 | D:5      | Reached XP level 8. HP: 50/68 MP: 13/13
  6864 | D:6      | Reached skill level 5 in Armour
  6997 | D:6      | Reached skill level 6 in Dodging
  7255 | D:7      | Noticed Duvessa
  7255 | D:7      | Noticed Dowan
  7261 | D:7      | Banished Duvessa
  7266 | D:7      | Killed Dowan
  7524 | D:7      | Reached XP level 9. HP: 69/74 MP: 15/15
  8562 | D:8      | Reached skill level 7 in Armour
  8880 | D:8      | Reached skill level 5 in Axes
  9605 | D:9      | Reached XP level 10. HP: 81/83 MP: 17/17
  9953 | D:9      | Noticed a kobold demonologist
 10043 | D:10     | Entered Level 10 of the Dungeon
 10095 | D:10     | Found a staircase to the Orcish Mines.
 10178 | D:10     | Noticed a hill giant
 10187 | D:10     | Banished a hill giant
 10231 | D:10     | Noticed Josephine
 10265 | D:10     | Killed Josephine
 10265 | D:10     | Reached skill level 8 in Dodging
 10358 | D:10     | Noticed Sonja
 10377 | D:10     | Killed Sonja
 10430 | D:10     | Found a staircase to the Lair.
 10875 | D:10     | Noticed a hill giant
 10907 | D:10     | Killed a hill giant
 11052 | Lair:1   | Entered Level 1 of the Lair of Beasts
 11394 | Lair:1   | Noticed a wolf spider
 11395 | Lair:1   | Noticed a wolf spider
 11401 | Lair:1   | Noticed a wolf spider
 11401 | Lair:1   | Noticed a wolf spider
 11414 | Lair:1   | Killed a wolf spider
 11414 | Lair:1   | Reached skill level 9 in Dodging
 11583 | Lair:1   | Reached XP level 11. HP: 86/92 MP: 18/18
 11611 | Lair:1   | Reached skill level 1 in Shields
 11941 | Lair:1   | Killed a wolf spider
 12350 | Lair:1   | Banished a wolf spider
 12753 | Lair:1   | Killed a wolf spider
 12792 | Lair:1   | Learned a level 1 spell: Beastly Appendage
 13991 | Lair:3   | Learned a level 1 spell: Apportation
 13994 | Lair:3   | Learned a level 2 spell: Blink
 14004 | Lair:3   | Reached skill level 10 in Dodging
 14046 | Lair:3   | Found a staircase to the Snake Pit.
 14064 | Lair:3   | the staircase to the Snake Pit was a mimic.
 14996 | Lair:4   | Reached XP level 12. HP: 103/103 MP: 19/19
 15008 | Lair:4   | Found a hole to the Spider Nest.
 15136 | Lair:4   | Paralysed by a potion of paralysis for 7 turns
 15148 | Lair:4   | Gained mutation: Your body is slowly deteriorating. [potion of mutation]
 15148 | Lair:4   | Gained mutation: You tend to lose your temper in combat. [potion of mutation]
 15148 | Lair:4   | Gained mutation: You can translocate small distances at will. [potion of mutation]
 15149 | Lair:4   | Lost mutation: You can translocate small distances at will. [potion of cure mutation]
 15149 | Lair:4   | Lost mutation: Your body is slowly deteriorating. [potion of cure mutation]
 15149 | Lair:4   | Lost mutation: You tend to lose your temper in combat. [potion of cure mutation]
 15149 | Lair:4   | Lost mutation: You have large cloven feet. [potion of cure mutation]
 15334 | Lair:4   | Found a staircase to the Shoals.
 15341 | Lair:4   | Noticed Chiseanne's ghost (powerful VSMo)
 15566 | Lair:4   | Reached skill level 10 in Axes
 15723 | Lair:5   | Learned a level 2 spell: Swiftness
 16617 | Lair:5   | Reached skill level 11 in Dodging
 17086 | Lair:5   | Noticed a seven-headed hydra
 17132 | Lair:5   | Banished a ten-headed hydra
 17273 | Lair:5   | Reached XP level 13. HP: 95/111 MP: 20/20
 17908 | Lair:6   | Learned a level 3 spell: Call Canine Familiar
 18321 | Lair:6   | Reached skill level 1 in Summonings
 18516 | Lair:6   | Reached skill level 1 in Spellcasting
 19022 | Lair:3   | Learned a level 4 spell: Summon Guardian Golem
 19362 | Orc:1    | Entered Level 1 of the Orcish Mines
 19395 | Orc:1    | Found Strunuqu's Antique Weapon Boutique.
 19407 | Orc:1    | Bought an ichor-stained mace for 160 gold pieces
 19409 | Orc:1    | Identified the +12,+7 mace "Oraigheb" {freeze, +Fly MR++} (You bought it in a shop on level 1 of the Orcish Mines)
 19410 | Orc:1    | Cast into the Abyss (a distortion unwield)
 19410 | Abyss:1  | Found a corrupted altar of Lugonu.
 19418 | Abyss:1  | Got a dazzling ring mail
 19428 | Abyss:1  | Identified the +4 ring mail of Restlessness {Str+2 Dam+1 Stlth---} (You found it on level 1 of the Abyss)
 19435 | Abyss:1  | Killed Duvessa
 19480 | Abyss:1  | Noticed a tentacled starspawn
 19581 | Abyss:1  | Noticed a starcursed mass
 19746 | Abyss:1  | Noticed a profane servitor
 19879 | Abyss:1  | Gained mutation: Your body is slowly deteriorating. [a neqoxec]
 19938 | Abyss:1  | Noticed a tentacled starspawn
 20235 | Abyss:1  | Reached skill level 1 in Maces & Flails
 20252 | Abyss:1  | Noticed a tentacled starspawn
 20454 | Abyss:1  | Noticed a tentacled starspawn
 20512 | Abyss:1  | Noticed a tentacled starspawn
 20529 | Abyss:1  | HP: 1/111 [tentacled starspawn (26)]
 20533 | Abyss:1  | Killed a tentacled starspawn
 20533 | Abyss:1  | Reached skill level 5 in Maces & Flails
 20743 | Abyss:1  | Paralysed by a chaos spawn for 2 turns
 20871 | Abyss:1  | Noticed a tentacled starspawn
 20997 | Orc:1    | Escaped the Abyss
 21736 | Orc:1    | Noticed Psyche
 21744 | Orc:1    | Killed Psyche
 22071 | Orc:2    | Found Reoxkakh's Weapon Shoppe.
 22223 | Orc:2    | Found a roughly hewn altar of Beogh.
 22685 | Orc:3    | Noticed Nessos
 22732 | Orc:3    | Killed Nessos
 23057 | Orc:3    | Found a staircase to the Elven Halls.
 23137 | Orc:3    | Paralysed by an orc sorcerer for 5 turns
 23140 | Orc:3    | Gained mutation: You are clumsy. (Dex -2) [a neqoxec]
 23144 | Orc:3    | Slain by an orc warrior

Action                   |  1- 3 |  4- 6 |  7- 9 | 10-12 | 13-15 || total
-------------------------+-------+-------+-------+-------+-------++-------
Melee: Unarmed           |   171 |   199 |       |       |       ||   370
       Short sword       |       |   311 |       |       |       ||   311
       Hand axe          |       |    44 |   384 |  1165 |   161 ||  1754
       Mace              |       |       |       |       |   337 ||   337
       War axe           |       |       |       |       |    61 ||    61
Throw: Tomahawk          |       |       |     6 |    10 |    12 ||    28
 Abil: Evoke Invisibilit |       |       |       |       |     1 ||     1
Evoke: Wand              |       |       |    13 |    15 |    19 ||    47
       Box of beasts     |       |       |       |    10 |       ||    10
       Stone of tremors  |       |       |       |     1 |     1 ||     2
       Fan of gales      |       |       |       |       |     1 ||     1
  Use: Scroll            |     4 |    10 |    16 |    17 |    17 ||    64
       Potion            |       |     6 |     3 |    14 |    12 ||    35
 Stab: Sleeping          |     1 |       |     3 |    18 |     4 ||    26
       Invisible         |       |       |       |     1 |     6 ||     7
       Distracted        |       |       |       |       |     1 ||     1
       Confused          |       |       |       |       |     1 ||     1
